 Dungeon Crawl Stone Soup version 0.30-a0-457-g4b7bca3bfa (webtiles) character file.

Game seed: 11164128058625069113

3417 pokeman the Thaumaturge (level 9, -3/50 HPs)
             Began as a Deep Elf Hedge Wizard on Dec 12, 2022.
             Was an Initiate of Vehumet.
             Slain by a yak (9 damage)
             ... on level 8 of the Dungeon.
             The game lasted 00:13:40 (6241 turns).

pokeman the Thaumaturge (Deep Elf Hedge Wizard)     Turns: 6241, Time: 00:13:41

Health: -3/50      AC:  6    Str:  7    XL:     9   Next: 76%
Magic:  19/27      EV: 13    Int: 24    God:    Vehumet [......]
Gold:   365        SH:  0    Dex: 14    Spells: 15/32 levels left

rFire   + . .      SeeInvis .    l - +8 halberd "Lelimn" {elec, rPois rF+ Stlth+}
rCold   + . .      Faith    .    (shield currently unavailable)
rNeg    . . .      Spirit   .    g - +1 robe {rC+}
rPois   +          Reflect  .    c - +0 hat
rElec   .          Harm     .    q - +0 cloak
rCorr   .          Rampage  .    (no gloves)
Will    .....                    k - +1 pair of boots
Stlth   +++.......               r - amulet of magic regeneration
HPRegen 0.28/turn                (no ring)
MPRegen 0.60/turn                (no ring)

@: no status effects
A: no striking features
a: Renounce Religion


You were on level 8 of the Dungeon.
You worshipped Vehumet.
Vehumet was noncommittal.
You visited 2 branches of the dungeon, and saw 9 of its levels.

You collected 365 gold pieces.

Inventory:

Hand Weapons
 l - the +8 halberd "Lelimn" (weapon) {elec, rPois rF+ Stlth+}
   (You found it on level 2 of the Dungeon)

   It occasionally discharges a powerful burst of electricity upon striking a
   foe.
   rF:        It protects you from fire.
   rPois:     It protects you from poison.
   Stlth:     It makes you more stealthy.
 p - a +3 quarterstaff of chaos
Missiles
 A - 3 throwing nets
Armour
 c - a +0 hat (worn)
 g - a +1 robe of cold resistance (worn)
 k - a +1 pair of boots (worn)
 q - a +0 cloak (worn)
Jewellery
 r - an amulet of magic regeneration (around neck)
Wands
 j - a wand of roots (15)
 x - a wand of paralysis (10)
 C - a wand of polymorph (12)
 F - a wand of digging (10)
 I - a wand of flame (12)
Scrolls
 b - 2 scrolls of magic mapping {unknown}
 e - a scroll of poison {unknown}
 f - 7 scrolls of identify {unknown}
 o - 3 scrolls of vulnerability {unknown}
 u - 2 scrolls of silence {unknown}
 v - 4 scrolls of teleportation {unknown}
 w - a scroll of blinking {unknown}
 y - a scroll of enchant armour {unknown}
 D - a scroll of acquirement {unknown}
 E - 2 scrolls of enchant weapon {unknown}
 G - a scroll of noise {unknown}
 H - a scroll of amnesia {unknown}
Potions
 a - 2 potions of flight {unknown}
 d - 3 potions of magic
 h - 3 potions of cancellation {unknown}
 i - 5 potions of curing
 m - 2 potions of mutation {unknown}
 n - 2 potions of might {unknown}
 s - a potion of berserk rage {unknown}
 t - 2 potions of lignification {unknown}
 z - a potion of invisibility {unknown}
 B - a potion of haste {unknown}


   Skills:
 - Level 3.0 Fighting
 + Level 3.9 Armour
 - Level 3.1 Dodging
 - Level 3.1 Stealth
 * Level 12.2 Spellcasting
 + Level 6.9 Conjurations
 - Level 4.1 Summonings
 - Level 1.1 Translocations
 + Level 2.9 Fire Magic
 - Level 1.0 Ice Magic
 - Level 1.1 Air Magic
 - Level 1.1 Poison Magic
 - Level 1.0 Evocations


You had 15 spell levels left.
You knew the following spells:

 Your Spells              Type           Power      Damage    Failure   Level
a - Magic Dart            Conj           100%       1d8       1%          1
b - Mephitic Cloud        Conj/Pois/Air  29%        N/A       3%          3
c - Call Imp              Summ           34%        N/A       1%          2
d - Blink                 Tloc           40%        N/A       4%          2
e - Foxfire               Conj/Fire      100%       2x1d9     1%          1
f - Fireball              Conj/Fire      19%        3d9       16%         5
g - Hailstorm             Conj/Ice       33%        3d8       2%          3

Your spell library contained the following spells:

 Spells                   Type           Power      Damage    Failure   Level
 Freeze                   Ice            76%        1d8       2%          1
 Slow                     Hex            56%        N/A       4%          1
 Cigotuvi's Dreadful Rot  Necr/Pois/Air  36%        N/A       4%          2
 Frozen Ramparts          Ice            38%        1d6       9%          3
 Manifold Assault         Tloc           20%        N/A       26%         4
 Ice Form                 Ice/Tmut       17%        N/A       34%         4
 Summon Forest            Summ/Tloc      13%        N/A       36%         5
 Starburst                Conj/Fire      19%        6d7       63%         6
 Dispersal                Tloc           10%        N/A       99%         6
 Eringya's Noxious Bog    Tmut/Pois      8%         N/A       99%         6
 Simulacrum               Ice/Necr       8%         N/A       99%         6
 Malign Gateway           Summ/Tloc      13%        N/A       100%        7
 Summon Hydra             Summ           17%        N/A       100%        7
 Disjunction              Tloc           10%        N/A       100%        8
 Summon Horrible Things   Summ           17%        N/A       100%        8


Dungeon Overview and Level Annotations

Branches:
Dungeon (8/15)             Temple (1/1) D:7
   Lair: D:8-11

Altars:
Ashenzari
Cheibriados
Dithmenos
Fedhas
Gozag
Hepliaklqana
Kikubaaqudgha
Makhleb
Nemelex Xobeh
Okawaru
Qazlal
Ru
Sif Muna
Trog
Uskayaw
Vehumet
Wu Jian
Xom
Yredelemnul
The Shining One

Shops:
D:4 :


Message History

The yak gores the yak but does no damage.
The yak is engulfed in noxious fumes.
The yak closely misses you.
Unknown command.
Reach: l) +8 halberd "Lelimn" {elec, rPois rF+ Stlth+}
Press: ? - help, Dir - move target, f - yak
Aim: a yak (confused, about 13% to evade the +8 halberd "Lelimn")
You hit the yak.
The yak is lightly wounded.
Something hits the yak.
Something shocks the yak.
The yak is killed!
Vehumet accepts your kill.
The yak is engulfed in noxious fumes.
The yak gores you.
The yak gores the yak.
The yak is engulfed in noxious fumes.
Something hits the yak but does no damage.
Unknown command.
The yak attacks as you move away! The yak misses you.
The yak gores the yak!
The yak attacks as you move away! The yak gores you!
* * * LOW HITPOINT WARNING * * *
The yak gores the yak!
Casting: Mephitic Cloud (dangerous; 3% risk of failure)
Confirm with . or Enter, or press ? or * to list all spells.
Aiming: Mephitic Cloud (dangerous; 3% risk of failure)
Press: ? - help, Shift-Dir - straight line, f/p - yak
Aim: a yak (lightly wounded, confused, chance to affect: 67%)
The ball explodes into a vile cloud!
The stinking cloud engulfs the yak but does no damage.
The yak is heavily wounded.
The stinking cloud engulfs the yak but does no damage.
The yak is severely wounded.
The stinking cloud engulfs you but does no damage.
The yak is engulfed in noxious fumes.
The yak appears confused.
The yak barely misses the yak.
Unknown command.
Unknown command.
Unknown command.
You hit the yak but do no damage.
The yak is heavily wounded.
The yak is engulfed in noxious fumes.
The yak appears confused.
The yak gores you!
You die...

############
#.)..).....#
#####....)..{○Y#
.....)).)oYYYY@#
....##..†.######
.....# #.####
.....# #)#
.....# #Y#
.....###Y# ....
#.oY# ##.###.###
.#.#.Y.#


You could see 5 yaks and an orc.

Vanquished Creatures
  Pikel (D:6)
  An unseen horror (D:6)
  Sigmund (D:2)
  2 yaks (D:8)
  2 orc warriors (D:7)
  An ice beast (D:8)
  2 sky beasts (D:6)
  3 black bears
  2 centaurs (D:5)
  A phantom (D:6)
  2 lemures (D:6)
  2 bullfrogs
  2 kobold brigands
  3 scorpions
  3 wights (D:7)
  Crazy Yiuf (D:2)
  3 hounds
  A jelly (D:5)
  A gnoll bouda (D:7)
  3 orc priests
  3 iguanas
  An orc wizard (D:7)
  9 gnolls
  5 adders
  2 white imps
  An ufetubus (D:4)
  2 worms
  A dart slug (D:2)
  23 orcs
  6 bats
  7 endoplasms
  4 giant cockroaches
  8 goblins
  3 hobgoblins
  5 quokkas
  4 ball pythons
  3 frilled lizards (D:3)
  18 kobolds
  7 rats
149 creatures vanquished.

Vanquished Creatures (others)
  114 foxfires
  A plant (D:8)
115 creatures vanquished.

Grand Total: 264 creatures vanquished

Notes
Turn   | Place    | Note
-------+----------+-------------------------------------------
     0 | D:1      | pokeman the Deep Elf Hedge Wizard began the quest for the
                  | Orb.
     0 | D:1      | Reached XP level 1. HP: 10/10 MP: 7/7
   202 | D:1      | Reached XP level 2. HP: 15/15 MP: 7/9
   711 | D:1      | Reached skill level 5 in Spellcasting
  1109 | D:1      | Reached XP level 3. HP: 20/20 MP: 9/11
  1113 | D:1      | Learned a level 3 spell: Mephitic Cloud
  1116 | D:1      | Learned a level 2 spell: Call Imp
  1119 | D:1      | Learned a level 2 spell: Blink
  1373 | D:2      | Noticed Sigmund
  1468 | D:2      | Found a faded altar of an unknown god.
  1471 | D:2      | Killed Sigmund
  1472 | D:2      | Reached skill level 1 in Fighting
  1472 | D:2      | Reached skill level 1 in Armour
  1472 | D:2      | Reached skill level 6 in Spellcasting
  1472 | D:2      | Reached XP level 4. HP: 26/26 MP: 9/14
  1472 | D:2      | Reached XP level 5. HP: 30/30 MP: 9/15
  1625 | D:2      | Identified the +8 halberd "Lelimn" {elec, rPois rF+ Stlth+}
  1998 | D:2      | Reached XP level 6. HP: 35/35 MP: 10/17
  2068 | D:2      | Found a bloodstained altar of Trog.
  2267 | D:2      | Found a runed translucent door.
  2268 | D:2      | Noticed Crazy Yiuf
  2275 | D:2      | Killed Crazy Yiuf
  2686 | D:3      | Reached skill level 7 in Spellcasting
  2950 | D:3      | Found a burning altar of Makhleb.
  2950 | D:3      | Found an ancient bone altar of Kikubaaqudgha.
  2950 | D:3      | Found a bloodstained altar of Trog.
  3435 | D:4      | Found Fowomas's Book Shop.
  3490 | D:5      | Entered Level 5 of the Dungeon
  3498 | D:5      | Reached XP level 7. HP: 40/40 MP: 18/20
  3507 | D:5      | Reached skill level 1 in Air Magic
  3507 | D:5      | Reached skill level 1 in Poison Magic
  3528 | D:5      | Learned a level 3 spell: Hailstorm
  3676 | D:5      | Reached skill level 8 in Spellcasting
  3839 | D:5      | Reached skill level 1 in Ice Magic
  3839 | D:5      | Reached skill level 1 in Evocations
  4200 | D:6      | Noticed Pikel
  4213 | D:6      | Killed Pikel
  4214 | D:6      | Reached skill level 9 in Spellcasting
  4214 | D:6      | Reached skill level 5 in Conjurations
  4214 | D:6      | Reached XP level 8. HP: 32/45 MP: 21/23
  4349 | D:6      | Killed an unseen horror
  4350 | D:6      | Reached skill level 10 in Spellcasting
  4600 | D:6      | Reached XP level 9. HP: 50/50 MP: 22/25
  4769 | D:6      | Learned a level 1 spell: Foxfire
  4775 | D:6      | Learned a level 5 spell: Fireball
  4798 | D:6      | Found a hide-covered altar of Uskayaw.
  5022 | D:7      | Reached skill level 11 in Spellcasting
  5067 | D:7      | Reached skill level 1 in Fire Magic
  5632 | D:7      | Found a staircase to the Ecumenical Temple.
  5641 | Temple   | Entered the Ecumenical Temple
  5738 | Temple   | Became a worshipper of Vehumet
  6230 | D:8      | Reached skill level 12 in Spellcasting
  6241 | D:8      | Slain by a yak

Illustrated notes

Levels and vault maps discovered:
D:1:      dpeg_arrival_arbitrary_a, layout_basic, kennysheep_minor_cross
D:2:      layout_loops_cross, basic_altar, ebering_ecumenical_altar_box,
          serial_rivers, chequers_serial_rivers_small_a,
          chequers_serial_rivers_marsh, chequers_serial_rivers_small_3,
          chequers_serial_rivers_marsh, uniq_crazy_yiuf_cottage, uniq_sigmund
D:3:      layout_rooms, gammafunk_temple_overflow_claw
D:4:      layout_gridville, serial_shops, kennysheep_mini_moat
D:5:      nicolae_cairo_tiling_large_dashed, layout_loops_ring
D:6:      layout_cave_pools, mainiacjoe_overflow_alcove_2, uniq_pikel
D:7:      layout_basic, minmay_temple_entry_glass
D:8:      corexii_shack_village, layout_rooms, zin_academy, enter_bailey_5
Temple:   minmay_temple_bridge_d

Skill      XL: |  1  2  3  4  5  6  7  8  9 |
---------------+----------------------------+-----
Spellcasting   | 5 6 7 9 10 12 | 12.2
Fighting       | 1 2 3 |  3.0
Armour         | 1 2 3 |  3.9
Conjurations   | 2 3 5 6 |  6.9
Dodging        | 3 |  3.1
Stealth        | 3 |  3.1
Air Magic      | 1 |  1.1
Poison Magic   | 1 |  1.1
Ice Magic      | 1 |  1.0
Evocations     | 1 |  1.0
Summonings     | 2 3 4 |  4.1
Fire Magic     | 2 |  2.9
Translocations | |  1.1

Action                   |  1- 3 |  4- 6 |  7- 9 || total
-------------------------+-------+-------+-------++-------
Melee: Dagger            |     2 |       |       ||     2
       Halberd           |       |    30 |    79 ||   109
 Cast: Magic Dart        |    59 |    90 |    81 ||   230
       Mephitic Cloud    |     1 |     9 |    30 ||    40
       Foxfire           |       |       |    65 ||    65
       Blink             |       |       |     1 ||     1
 Stab: Sleeping          |     2 |     4 |     2 ||     8
       Confused          |       |     3 |     8 ||    11
Armor: Robe              |       |     8 |    33 ||    41
Dodge: Dodged            |     8 |    19 |    75 ||   102

Table legend: (Time is in decaauts)
 A = Elapsed time spent in this place.
 B = Non-inter-level travel time spent in this place.
 C = Inter-level travel time spent in this place.
 D = Time resting spent in this place.
 E = Time spent auto-exploring this place.
 F = Levels seen in this place.
 G = Mean time per level.
                   A        B        C        D        E       F      G
               +--------+--------+--------+--------+--------+-----+--------+
         Total |   6306 |   6035 |    271 |    168 |   4862 |   9 |  700.7 |
       Dungeon |   6136 |   5958 |    178 |    168 |   4796 |   8 |  767.0 |
        Temple |    169 |     76 |     93 |      0 |     66 |   1 |  169.0 |
               +--------+--------+--------+--------+--------+-----+--------+

Top non-repeatable levels by time:
     D:1: 1286 daAuts
     D:2: 1266 daAuts
     D:7: 1008 daAuts
     D:6: 813 daAuts
     D:5: 678 daAuts
     D:3: 605 daAuts
     D:4: 357 daAuts
  Temple: 169 daAuts
     D:8: 120 daAuts
